 Dungeon Crawl Stone Soup version 0.30-a0-187-gd9c2deaf24 (webtiles) character file.

Game seed: 14713001721021070376

9 Flugkiller the Sneak (level 2, 0/24 HPs)
             Began as a Mummy Delver on Oct 3, 2022.
             Slain by a centaur (6 damage)
             ... on level 5 of the Dungeon.
             The game lasted 00:00:41 (148 turns).

Flugkiller the Sneak (Mummy Delver)                  Turns: 148, Time: 00:00:42

Health: 0/24       AC:  3    Str: 15    XL:     2   Next: 3%
Magic:  2/2        EV: 11    Int:  9    God:
Gold:   8          SH:  0    Dex: 13    Spells: 1/1 levels left

rFire   x . .      SeeInvis .    a - +0 falchion
rCold   + . .      Faith    +    (no shield)
rNeg    + + +      Spirit   .    b - +0 leather armour
rPois   ∞          Reflect  .    (no helmet)
rElec   .          Harm     .    (no cloak)
rCorr   .          Rampage  .    (no gloves)
Will    .....                    (no boots)
Stlth   ++........               (no amulet)
HPRegen 0.24/turn                (no ring)
MPRegen 0.08/turn                (no ring)

@: no status effects
A: cold resistance 1, negative energy resistance 3, torment resistance 2, heat
vulnerability 1, no potions, faith
a: no special abilities


You were on level 5 of the Dungeon.
You visited 1 branch of the dungeon, and saw 2 of its levels.

You collected 8 gold pieces.

Inventory:

Hand Weapons
 a - a +0 falchion (weapon)
Armour
 b - a +0 leather armour (worn)
Wands
 f - a wand of digging (3)
Scrolls
 d - a scroll of magic mapping


   Skills:
 + Level 3.1 Fighting
 * Level 1.9 Long Blades
 * Level 1.9 Dodging
 - Level 4.1 Stealth


You had one spell level left.
You didn't know any spells.
Your spell library was empty.

Dungeon Overview and Level Annotations

Branches:
Dungeon (5/15) Zot: 11849
 Temple: D:4-7

Altars:

Shops:
D:5 !

Annotations:
D:5 exclusion: iguana


Innate Abilities, Weirdness & Mutations

You are immune to poison.
Your flesh is cold resistant. (rC+)
You are immune to negative energy. (rN+++)
You are immune to unholy pain and torment.
You are vulnerable to heat. (rF-)
You do not drink.
You have a special connection with the divine. (Faith)


Message History

Welcome, Flugkiller the Mummy Delver.
Will you be the one to retrieve the legendary Orb of Zot from the depths?
Press ? for a list of commands and other information.
Found 5 stones and a sling.
Found an escape hatch in the floor.
Found a stone staircase leading down.
Found a shortbow.
Found Ziarph's Distillery.
Found a stone staircase leading down.
No target in view!
Found a sling.
Found a stone staircase leading down.
There is an entrance to Ziarph's Distillery here.
An iguana comes into view.
An iguana is nearby!
An iguana is nearby!
Found a stone staircase leading up.
There is a stone staircase leading up here.
You climb upwards.
The adder hisses angrily.
Found a ring mail and 8 stones.
There is a stone staircase leading down here.
The bullfrog croaks.
You climb downwards.
Level annotation: exclusion: iguana
There is a stone staircase leading up here.
An adder comes into view.
Found 8 gold pieces.
You now have 8 gold pieces.
A centaur comes into view.
The centaur wields a +0 shortbow.
The centaur shoots an arrow.
The arrow closely misses you.
Found a flail.
The centaur shoots an arrow.
The arrow hits you!
You hear an angry hiss.
The centaur shoots an arrow.
The arrow completely misses you.
As you read the scroll of fear, it crumbles to dust.
You assume a fearsome visage.
The centaur looks frightened!
The adder attacks as you move away! The adder barely misses you. x2
You miss the adder. The adder barely misses you.
You closely miss the adder. The adder bites you. The adder barely misses you.
You hit the adder.
The adder is severely wounded.
The adder barely misses you. The adder misses you.
You barely miss the adder.
The adder is severely wounded.
The adder bites you.
You hit the adder but do no damage.
The adder is severely wounded.
The adder bites you. The adder bites you but does no damage.
You miss the adder.
The adder is severely wounded.
The adder barely misses you.
You miss the adder.
The adder is severely wounded.
The adder barely misses you. x2
You hit the adder.
You kill the adder!
You have reached level 2!
Stopped running for exclusion.
You start resting.
HP restored.
A centaur is nearby!
A centaur is nearby!
The centaur shouts!
The centaur shoots an arrow.
The arrow hits you.
The centaur zaps a wand.
The puff of flame hits you! The fire burns you terribly!
Ouch! That really hurt!
* * * LOW HITPOINT WARNING * * *
As you read the scroll of fog, it crumbles to dust.
The scroll dissolves into smoke.
You start resting.
A centaur is nearby!
The centaur unwields a +0 shortbow.
The centaur hits you.
You die...

..>......###...#.#.....#.#
.... ##.####.##
#...........#.# c.. ## #..#
##....#####...# ...
#.#####..##..# ##..######.#
#.#.........## #......##..
#.#.##..##### ##.#...#...
##.......# #.#.<.....
#...#...############.#.....#.
#.....###§§§@c§....c.†....##.
#.#......§##########.#...###.
#.#..###### #.#....##. #.l.##
#.#.##.##. ##..# #...##....
.## #..###.... #. #.## #....
### #####


You could see a centaur.

Vanquished Creatures
  An adder (D:5)
1 creature vanquished.

Notes
Turn   | Place    | Note
-------+----------+-------------------------------------------
     0 | D:5      | Flugkiller the Mummy Delver began the quest for the Orb.
     0 | D:5      | Reached XP level 1. HP: 18/18 MP: 1/1
     5 | D:5      | Found Ziarph's Distillery.
    23 | D:5      | Noticed an iguana
    55 | D:4      | Noticed a bullfrog
    81 | D:5      | Noticed a centaur
   108 | D:5      | Reached XP level 2. HP: 17/24 MP: 2/2
   148 | D:5      | Slain by a centaur

Illustrated notes

Levels and vault maps discovered:
D:4:      layout_basic, chequers_serial_rivers_large_a,
          dilly_guarded_unrand_morg, uniq_menkaure
D:5:      layout_rooms, serial_shops, shop, uniq_blork_the_orc,
          uniq_crazy_yiuf_cottage

Action                   || total
-------------------------++-------
Melee: Falchion          ||     8
  Use: Scroll            ||     2
Armor: Leather armour    ||     1
Dodge: Dodged            ||    11

Table legend: (Time is in decaauts)
 A = Elapsed time spent in this place.
 B = Non-inter-level travel time spent in this place.
 C = Inter-level travel time spent in this place.
 D = Time resting spent in this place.
 E = Time spent auto-exploring this place.
 F = Levels seen in this place.
 G = Mean time per level.
                   A        B        C        D        E       F      G
               +--------+--------+--------+--------+--------+-----+--------+
         Total |    149 |    149 |      0 |     18 |     37 |   2 |   74.5 |
       Dungeon |    149 |    149 |      0 |     18 |     37 |   2 |   74.5 |
               +--------+--------+--------+--------+--------+-----+--------+

Top non-repeatable levels by time:
     D:5: 148 daAuts
     D:4: 1 daAuts
